Map: Dusk Towers

Players

MMA

  • Race: Terran Terran

FireCake - Winner!

  • Race: Zerg Zerg
  • League: Grandmaster

Event: Homestory Cup XII

VOD

Have the link to the VOD?

Description

Time

  • Played on: Dec. 19, 2015, 10:01 a.m.
  • Length: 5:59

All games in this series

Show
View Real Time Build Order
Export as new Build Order

MMA Terran 

Build Orders: Command Center First (CC), Hellion Banshee 

Get SALT Encoding   

  12  0:00  SCV  
  13  0:12  SCV  
  14  0:17  Supply Depot  
  14  0:24  SCV  
  15  0:39  SCV  
  16  0:51  SCV  
  17  0:59  Command Center  
  17  1:03  SCV  
  18  1:07  Refinery  
  18  1:15  SCV  
  19  1:20  Barracks  
  19  1:27  SCV  
  20  1:39  SCV  
  21  1:51  SCV  
  22  2:07  Marine, Orbital Command  
  23  2:09  Factory  
  23  2:11  Orbital Command  
  23  2:25  Barracks Reactor  
  23  2:33  SCV  
  24  2:37  SCV  
  24  2:39  Command Center  
  25  2:45  SCV  
  25  2:49  SCV  
  27  2:53  Supply Depot  
  27  2:58  SCV  
  28  3:01  SCV  
  28  3:03  Starport  
  29  3:08  Refinery  
  29  3:10  SCV, Hellion x2  
  34  3:13  SCV, Barracks Tech Lab  
  35  3:22  SCV  
  35  3:25  SCV  
  37  3:31  Hellion x2  
  41  3:35  Supply Depot  
  41  3:37  SCV  
  41  3:38  SCV  
  43  3:44  Banshee  
  43  3:46  Barracks Tech Lab  
  46  3:51  SCV x2  
  48  3:58  Orbital Command  
  48  4:03  SCV x2  
  48  4:05  Marine  
  48  4:07  Barracks  
  51  4:11  Barracks  
  51  4:12  Hellion  
  51  4:14  Hellion  
  51  4:15  SCV x2  
  57  4:19  Liberator  
  57  4:27  SCV x2  
  57  4:30  SCV  
  60  4:34  Hellion  
  60  4:35  Hellion  
  60  4:36  Marine  
  68  4:39  SCV  
  69  4:53  Supply Depot  
  69  4:55  Supply Depot  
  69  4:57  SCV x3, Marine  
  69  4:59  Hellion x2  
  77  5:01  Marine  
  60  5:09  SCV x2  
  60  5:10  Marine  
  60  5:12  SCV  
  55  5:14  Marine  
  55  5:19  Marine  
  52  5:28  Marine  
  47  5:32  Marine  
Show
View Real Time Build Order
Export as new Build Order

FireCake Zerg - Winner!

Build Orders: Pool First, Roach Nydus 

Get SALT Encoding   

  12  0:00  Drone  
  13  0:07  Drone  
  14  0:17  Overlord  
  14  0:25  Drone, Extractor  
  15  0:35  Drone x2  
  17  0:45  Spawning Pool  
  17  0:47  Drone  
  17  1:06  Extractor  
  17  1:09  Hatchery  
  15  1:11  Drone  
  15  1:16  Drone  
  17  1:19  Drone  
  18  1:31  Queen  
  20  1:33  Zergling x2  
  20  1:37  Drone  
  22  1:48  Overlord  
  22  2:07  Queen  
  22  2:08  Drone  
  25  2:16  Drone  
  25  2:20  Queen  
  25  2:21  Drone  
  29  2:24  Drone  
  30  2:33  Drone x2  
  32  2:42  Drone x4  
  32  2:43  Lair  
  36  2:48  Overlord  
  36  3:04  Drone, Extractor  
  36  3:06  Drone, Queen, Extractor  
  38  3:13  Drone x3  
  38  3:14  Drone x2  
  38  3:17  Overlord  
  43  3:28  Roach Warren  
  43  3:33  Drone x2, Overlord  
  44  3:46  Nydus Network  
  43  3:56  Overlord  
  43  4:09  Roach x7  
  59  4:10  Roach  
  59  4:19  Overlord  
  59  4:22  Nydus Canal  
  59  4:24  Overseer  
  59  4:30  Overlord  
  58  4:41  Nydus Canal  
  58  4:42  Roach x5  
  66  4:46  Roach  
  66  4:50  Roach  
  68  5:01  Roach x3  
  68  5:04  Queen  
  76  5:08  Nydus Canal  
  76  5:20  Roach x3  
  80  5:31  Ravager  
  76  5:43  Nydus Canal  
Tags
 
Add a new tag
Caveats
  • Supply blocks, unpowered buildings, or Contaminate may cause inaccurate times.
  • Supply counts are checked every 10 seconds.